 Dungeon Crawl Stone Soup version 0.25-a0-86-ga6f17ae7d4 (webtiles) character file.

Game seed: 18113190219951822006, levelgen mode: deterministic

202 D1HalberdGnoll the Poker (level 5, -3/41 HPs)
             Began as a Merfolk Skald on Nov 9, 2019.
             Killed from afar by Sigmund (8 damage)
             ... with a magic dart
             ... on level 2 of the Dungeon.
             The game lasted 00:04:38 (3169 turns).

D1HalberdGnoll the Poker (Merfolk Skald)            Turns: 3169, Time: 00:04:39

Health: -3/41      AC:  6    Str: 12    XL:     5   Next: 80%
Magic:  8/8        EV:  7    Int: 12    God:
Gold:   85         SH: 11    Dex: 14    Spells: 7/8 levels left

rFire    . . .     SeeInvis .   a - +0 spear
rCold    . . .     Gourm    .   c - +0 large shield
rNeg     . . .     Faith    .   m - +0 ring mail
rPois    .         Spirit   .   (no helmet)
rElec    .         Reflect  .   h - +0 cloak (curse)
rCorr    .         Harm     .   (no gloves)
MR       .....                  (no boots)
Stlth    +.........             (no amulet)
HPRegen  0.13/turn              (no ring)
MPRegen  0.11/turn              (no ring)

@: very slightly contaminated, invisible
A: change form in water, swift swim, stealthy swim
a: no special abilities


You were on level 2 of the Dungeon.
You were hungry.

You visited 1 branch of the dungeon, and saw 2 of its levels.

You collected 85 gold pieces.

Inventory:

Hand Weapons
 a - a +0 spear (weapon)
Missiles
 g - 2 throwing nets (quivered)
Armour
 c - a +0 large shield (worn)
 h - a cursed +0 cloak (worn)
 m - a +0 ring mail (worn)
 n - a scarf of spirit shield
Scrolls
 e - 3 scrolls of remove curse
 f - a scroll of enchant armour {unknown}
 i - 2 scrolls of identify {unknown}
 k - a scroll of teleportation {unknown}
 o - a scroll of random uselessness {unknown}
Comestibles
 d - 5 rations


   Skills:
 + Level 3.2 Fighting
 * Level 5.5 Polearms
 + Level 1.7 Armour
 + Level 3.9 Dodging
 + Level 1.7 Shields
 - Level 2.0 Spellcasting
 - Level 3.2 Charms


You had 7 spell levels left.
You knew the following spells:

 Your Spells              Type           Power        Failure   Level  Hunger
a - Infusion              Chrm           #...         97%         1    ##.....

Your spell library contained the following spells:

 Spells                   Type           Power        Failure   Level  Hunger
 Song of Slaying          Chrm           #.......     99%         2    ###....
 Shroud of Golubria       Chrm/Tloc      #.....       100%        2    ###....
 Regeneration             Chrm/Necr      #.........   100%        3    ####...
 Spectral Weapon          Hex/Chrm       #.......     100%        3    ####...


Dungeon Overview and Level Annotations

Branches:
Dungeon (2/15)

Altars:
The Shining One

Annotations:
D:1 exclusion: 2 downstairs
D:2 1 runed translucent door, Crazy Yiuf, Sigmund


Message History

* * * LOW HITPOINT WARNING * * *
You hit Sigmund.
Sigmund is moderately wounded.
Sigmund barely misses you.
You closely miss Sigmund.
Sigmund is moderately wounded.
You hit Sigmund.
Sigmund is moderately wounded.
You block Sigmund's attack.
You catch the helpless Sigmund completely off-guard!
You hit Sigmund but do no damage.
Sigmund is moderately wounded.
You block Sigmund's attack.
You hit Sigmund but do no damage.
Sigmund is moderately wounded.
You hit Sigmund.
Sigmund is moderately wounded.
Sigmund gestures at you while chanting. The magic dart hits you!
You die...

.# #.# ### #.#... ...#
.####.###.########.#.#########.##
...............................@.
.####.###.########.#.##.######.##
....<........#####.#(##.# #.#
.................>......# #.#
#.###.###..#.###.#.#.##.# #.#
.................@.(.##.# #.#
#.###..##..#.###@#.#(##.# #.# #.#
#..##..#.###.#.#.##.# #.# ..#
#..##..#.......#(##)######.## #.#
#...#..#.###.#.#.#........... #.#
#...#......................##
#'###..............#.#......##.#
........#..#.###.###.#..###.##.#
...........#.# #...............#
........#..#.# #.###.#..##..##.##


You could see Sigmund.

Vanquished Creatures
  A crimson imp (D:2)
  Natasha (thrice) (D:2)
  6 adders
  An ooze (D:1)
  A dart slug (D:1)
  3 bats
  A giant cockroach (D:1)
  5 goblins
  2 hobgoblins (D:1)
  4 jackals (D:1)
  A quokka (D:2)
  A ball python (D:2)
  3 frilled lizards (D:1)
  5 kobolds
  4 rats
41 creatures vanquished.

Notes
Turn   | Place    | Note
-------+----------+-------------------------------------------
     0 | D:1      | D1HalberdGnoll the Merfolk Skald began the quest for the
                  | Orb.
     0 | D:1      | Reached XP level 1. HP: 16/16 MP: 3/3
   310 | D:1      | Reached XP level 2. HP: 20/22 MP: 5/5
   346 | D:1      | Reached skill level 1 in Armour
   693 | D:1      | Reached XP level 3. HP: 28/28 MP: 6/6
   786 | D:1      | Reached skill level 4 in Polearms
   950 | D:2      | Noticed Sigmund
  1412 | D:2      | Noticed Natasha
  1426 | D:2      | Killed Natasha
  1426 | D:2      | Reached skill level 1 in Shields
  1426 | D:2      | Reached XP level 4. HP: 15/34 MP: 7/7
  2356 | D:2      | Noticed Natasha
  2375 | D:2      | Killed Natasha
  2375 | D:2      | Reached skill level 5 in Polearms
  2375 | D:2      | Reached XP level 5. HP: 15/41 MP: 8/8
  2578 | D:2      | Noticed Natasha
  2599 | D:2      | Killed Natasha
  2653 | D:2      | Found a glowing golden altar of the Shining One.
  2977 | D:2      | Found a runed translucent door.
  2978 | D:2      | Noticed Crazy Yiuf
  3169 | D:2      | Killed from afar by Sigmund

Levels and vault maps discovered:
D:1:      psy_arrival_statuary, layout_loops_ring
D:2:      layout_basic, tso_oasis_becter, uniq_crazy_yiuf_cottage, uniq_natasha,
          uniq_sigmund

Skill      XL: |  1  2  3  4 |
---------------+-------------+-----
Armour         | 1 |  1.7
Dodging        | 3 |  3.9
Polearms       | 4 5 |  5.5
Shields        | 1 |  1.7
Fighting       | 3 |  3.2
Spellcasting   | |  2.0
Charms         | |  3.2

Action                   |  1- 3 |  4- 6 || total
-------------------------+-------+-------++-------
Melee: Spear             |   146 |   159 ||   305
  Use: Scroll            |       |     1 ||     1
       Potion            |       |     3 ||     3
 Stab: Sleeping          |       |     1 ||     1
       Invisible         |       |     1 ||     1
  Eat: Chunk             |     2 |     5 ||     7
Armor: Leather armour    |    24 |     5 ||    29
       Ring mail         |       |    24 ||    24
       Skin              |       |    14 ||    14
Dodge: Dodged            |    34 |    36 ||    70
Block: Large shield      |    52 |    78 ||   130

Table legend:
 A = Non-vault XP
 B = Vault XP
 C = Vault XP percentage of total XP
 D = Non-vault monster count
 E = Vault monster count
 F = Vault count percentage of total count
                 A         B        C        D         E       F
            +---------+---------+-------+---------+---------+-------
      Total |     254 |      35 |  12.1 |      40 |       1 |   2.4
            +---------+---------+-------+---------+---------+-------
        D:1 |      55 |       0 |   0.0 |      23 |       0 |   0.0
        D:2 |     199 |      35 |  15.0 |      17 |       1 |   5.6
            +---------+---------+-------+---------+---------+-------
